General information
- name: BNet
- type: Ladder team game (AT/RT)
- host: Battle.net
- saver: MrFrosty
map: SunrockCove
- players: 6
- length: 124:51
- speed: Fast
- version: 1.23 W3XP
- replay type: Public
» download(700 KB)
Players
team 1 (winner)
FedEx (
pink | 50 APM | 6184 actions | 124:50)
4 Blademaster
2 Wind Walk
2 Critical Strike
2 Shadow Hunter
1 Hex
1 Serpent Ward
» actions
| Assign group hotkey | 34 | |
| Basic commands | 40 | |
| Build / train | 57 | |
| ESC pressed | 3 | |
| Enter build submenu | 43 | |
| Enter hero's abilities submenu | 7 | |
| Give item / drop item | 1 | |
| Right click | 4924 | |
| Select / deselect | 583 | |
| Select group hotkey | 231 | |
| Use ability | 261 | |
6184 total
» units
» upgrades
| Liquid Fire | 1 | |
| Ranged Weapons | 2 | |
3 total
» buildings
| Altar of Storms | 1 | |
| Orc Burrow | 4 | |
| War Mill | 1 | |
| Voodoo Lounge | 2 | |
| Watch Tower | 25 | |
| Stronghold | 3 | |
| Fortress | 2 | |
| Beastiary | 2 | |
40 total
» build order
00:02 Altar of Storms
00:03 Orc Burrow
00:56 War Mill
01:27 Voodoo Lounge
02:00 Orc Burrow
02:12 Watch Tower
02:26 Watch Tower
03:02 Watch Tower
03:32 Watch Tower
03:33 Watch Tower
04:08 Watch Tower
04:25 Watch Tower
04:28 Watch Tower
05:09 Stronghold
05:10 Stronghold
05:26 Watch Tower
05:30 Watch Tower
05:39 Watch Tower
06:02 Voodoo Lounge
06:45 Watch Tower
07:25 Watch Tower
07:27 Watch Tower
07:34 Fortress
07:34 Fortress
07:36 Beastiary
07:49 Beastiary
08:01 Watch Tower
08:36 Watch Tower
08:41 Watch Tower
08:49 Watch Tower
09:26 Watch Tower
09:42 Watch Tower
10:01 Orc Burrow
10:48 Watch Tower
11:27 Orc Burrow
15:04 Watch Tower
15:07 Watch Tower
16:12 Watch Tower
16:13 Watch Tower
» items
| Lesser Clarity Potion | 2 | |
| Orb of Lightning | 1 | |
| Boots of Speed | 1 | |
| Staff of Teleportation | 1 | |
| Tiny Great Hall | 1 | |
| Healing Salve | 1 | |
| Potion of Healing | 1 | |
| Scroll of Town Portal | 1 | |
9 total
kunt.roII (
red | 78 APM | 9704 actions | 124:50)
9 Archmage
3 Blizzard
2 Brilliance Aura
3 Mass Teleport
1 Summon Water Elemental
5 Mountain King
2 Storm Bolt
3 Bash
5 Dark Ranger
3 Silence
2 Life Drain
» actions
| Assign group hotkey | 74 | |
| Basic commands | 116 | |
| Build / train | 108 | |
| ESC pressed | 3 | |
| Enter build submenu | 32 | |
| Enter hero's abilities submenu | 20 | |
| Give item / drop item | 12 | |
| Right click | 4350 | |
| Select / deselect | 690 | |
| Select group hotkey | 3821 | |
| Use ability | 478 | |
9704 total
» units
| Peasant | 47 | |
| Goblin Zeppelin | 7 | |
54 total
» buildings
| Altar of Kings | 4 | |
| Farm | 12 | |
| Lumber Mill | 3 | |
| Scout Tower | 9 | |
| Arcane Tower | 1 | |
| Arcane Vault | 3 | |
| Guard Tower | 5 | |
| Keep | 2 | |
| Castle | 2 | |
41 total
» build order
00:15 Altar of Kings
00:22 Farm
00:52 Lumber Mill
00:57 Scout Tower
01:06 Farm
01:28 Arcane Tower
02:02 Scout Tower
02:24 Arcane Vault
02:31 Guard Tower
03:22 Scout Tower
04:22 Scout Tower
04:24 Scout Tower
04:52 Guard Tower
04:52 Guard Tower
05:20 Scout Tower
05:44 Guard Tower
05:44 Guard Tower
06:38 Scout Tower
06:39 Scout Tower
06:57 Scout Tower
20:37 Keep
22:40 Lumber Mill
23:14 Altar of Kings
24:14 Castle
25:28 Arcane Vault
26:20 Arcane Vault
27:05 Farm
27:13 Farm
33:20 Lumber Mill
39:59 Altar of Kings
40:01 Farm
40:01 Farm
40:59 Farm
41:13 Farm
42:23 Altar of Kings
42:27 Farm
42:29 Farm
42:29 Farm
42:30 Farm
» items
| Lesser Clarity Potion | 2 | |
| Healing Salve | 3 | |
| Staff of Teleportation | 3 | |
| Boots of Speed | 3 | |
| Orb of Lightning | 2 | |
| Scroll of Town Portal | 2 | |
| Tiny Great Hall | 1 | |
| Staff of Sanctuary | 2 | |
| Mechanical Critter | 1 | |
19 total
MrFrosty (
teal | 65 APM | 8154 actions | 124:51)
7 Archmage
3 Blizzard
3 Brilliance Aura
1 Mass Teleport
7 Blood Mage
3 Flame Strike
3 Banish
1 Summon Phoenix
7 Dark Ranger
3 Silence
3 Life Drain
1 Charm
» actions
| Assign group hotkey | 47 | |
| Basic commands | 289 | |
| Build / train | 183 | |
| ESC pressed | 5 | |
| Enter build submenu | 128 | |
| Enter hero's abilities submenu | 21 | |
| Give item / drop item | 16 | |
| Right click | 3681 | |
| Select / deselect | 1685 | |
| Select group hotkey | 1393 | |
| Use ability | 706 | |
8154 total
» units
| Peasant | 28 | |
| Priest | 3 | |
| Goblin Zeppelin | 2 | |
| Goblin Shredder | 1 | |
| Sorceress | 3 | |
| Dragonhawk Rider | 9 | |
46 total
» upgrades
| Masonry | 3 | |
| Lumber Harvesting | 2 | |
| Magic Sentry | 1 | |
| Sorceress Training | 2 | |
| Priest Training | 2 | |
| Animal War Training | 1 | |
| Armor | 1 | |
| Cloud | 1 | |
13 total
» buildings
| Altar of Kings | 2 | |
| Farm | 18 | |
| Scout Tower | 112 | |
| Lumber Mill | 2 | |
| Arcane Tower | 13 | |
| Guard Tower | 62 | |
| Town Hall | 7 | |
| Keep | 2 | |
| Arcane Sanctum | 2 | |
| Castle | 2 | |
| Arcane Vault | 3 | |
| Gryphon Aviary | 2 | |
| Blacksmith | 1 | |
| Barracks | 1 | |
229 total
» build order
00:06 Altar of Kings
00:20 Farm
00:21 Scout Tower
00:31 Lumber Mill
00:51 Arcane Tower
01:21 Farm
01:37 Farm
03:12 Scout Tower
03:14 Scout Tower
03:14 Scout Tower
04:17 Scout Tower
04:29 Guard Tower
04:33 Guard Tower
04:36 Scout Tower
04:37 Scout Tower
05:01 Guard Tower
05:04 Guard Tower
05:17 Scout Tower
05:25 Scout Tower
05:28 Scout Tower
05:41 Scout Tower
05:54 Guard Tower
05:58 Guard Tower
06:03 Scout Tower
06:08 Scout Tower
06:09 Scout Tower
06:25 Guard Tower
06:51 Guard Tower
06:57 Town Hall
06:58 Arcane Tower
07:20 Keep
07:23 Scout Tower
07:24 Scout Tower
08:03 Guard Tower
08:05 Scout Tower
08:10 Guard Tower
08:11 Scout Tower
08:13 Scout Tower
08:37 Guard Tower
08:40 Guard Tower
09:07 Scout Tower
09:11 Arcane Tower
09:37 Guard Tower
12:05 Arcane Sanctum
13:33 Farm
13:35 Farm
14:20 Town Hall
14:42 Scout Tower
14:43 Scout Tower
14:44 Scout Tower
14:45 Scout Tower
15:46 Guard Tower
15:53 Town Hall
16:18 Town Hall
16:32 Castle
17:55 Scout Tower
17:56 Scout Tower
17:57 Scout Tower
17:59 Scout Tower
17:59 Scout Tower
18:17 Arcane Tower
18:23 Arcane Vault
18:25 Guard Tower
18:27 Arcane Tower
18:58 Guard Tower
19:00 Scout Tower
19:01 Scout Tower
19:02 Scout Tower
19:13 Arcane Vault
19:30 Scout Tower
19:30 Scout Tower
19:49 Guard Tower
20:01 Guard Tower
20:10 Guard Tower
20:12 Scout Tower
21:08 Guard Tower
21:30 Guard Tower
21:35 Scout Tower
21:36 Scout Tower
21:36 Scout Tower
21:37 Scout Tower
22:35 Town Hall
24:05 Scout Tower
24:06 Scout Tower
24:08 Scout Tower
24:10 Scout Tower
24:11 Scout Tower
24:12 Scout Tower
24:17 Scout Tower
24:18 Scout Tower
24:20 Scout Tower
24:24 Scout Tower
24:26 Scout Tower
24:27 Scout Tower
24:29 Scout Tower
25:11 Guard Tower
25:36 Guard Tower
26:25 Guard Tower
26:46 Guard Tower
26:51 Scout Tower
27:50 Town Hall
27:55 Town Hall
30:49 Altar of Kings
31:13 Scout Tower
31:16 Scout Tower
31:23 Farm
31:26 Farm
31:30 Farm
31:32 Farm
31:48 Lumber Mill
32:09 Arcane Tower
32:42 Farm
33:15 Scout Tower
33:18 Guard Tower
33:21 Guard Tower
33:25 Scout Tower
33:27 Scout Tower
33:30 Scout Tower
33:56 Guard Tower
33:58 Scout Tower
34:14 Guard Tower
34:17 Scout Tower
34:27 Arcane Tower
34:53 Scout Tower
34:54 Scout Tower
34:55 Guard Tower
34:58 Guard Tower
35:04 Scout Tower
35:07 Scout Tower
35:25 Guard Tower
35:35 Arcane Tower
35:48 Guard Tower
35:54 Scout Tower
35:55 Scout Tower
36:37 Guard Tower
36:40 Scout Tower
36:41 Scout Tower
36:43 Scout Tower
36:44 Scout Tower
37:19 Guard Tower
37:23 Scout Tower
37:24 Scout Tower
37:34 Keep
37:46 Guard Tower
37:56 Guard Tower
38:29 Guard Tower
38:31 Scout Tower
38:44 Scout Tower
38:46 Scout Tower
38:47 Guard Tower
38:52 Scout Tower
39:09 Arcane Tower
40:07 Guard Tower
40:38 Scout Tower
40:43 Scout Tower
41:29 Arcane Vault
41:30 Guard Tower
41:32 Castle
41:34 Gryphon Aviary
41:35 Gryphon Aviary
41:45 Farm
41:46 Farm
43:11 Arcane Sanctum
43:39 Scout Tower
43:42 Scout Tower
43:43 Scout Tower
43:45 Scout Tower
43:45 Scout Tower
44:41 Guard Tower
44:44 Guard Tower
44:56 Blacksmith
45:11 Guard Tower
45:16 Barracks
47:39 Scout Tower
47:41 Scout Tower
47:41 Scout Tower
48:08 Scout Tower
48:29 Scout Tower
48:30 Scout Tower
48:35 Arcane Tower
48:42 Scout Tower
48:48 Guard Tower
48:57 Guard Tower
49:09 Guard Tower
49:34 Guard Tower
49:37 Scout Tower
50:08 Guard Tower
50:24 Guard Tower
50:26 Scout Tower
50:28 Scout Tower
50:56 Scout Tower
51:01 Scout Tower
51:19 Scout Tower
51:20 Guard Tower
51:23 Guard Tower
51:32 Guard Tower
52:12 Guard Tower
52:15 Scout Tower
52:36 Guard Tower
53:21 Guard Tower
57:25 Scout Tower
58:00 Arcane Tower
58:34 Scout Tower
60:34 Scout Tower
60:35 Scout Tower
60:35 Scout Tower
60:39 Scout Tower
61:04 Guard Tower
62:16 Arcane Tower
62:18 Guard Tower
62:22 Guard Tower
63:11 Scout Tower
63:42 Arcane Tower
64:43 Scout Tower
64:45 Scout Tower
65:13 Guard Tower
65:15 Scout Tower
65:16 Scout Tower
65:17 Scout Tower
65:17 Scout Tower
65:19 Scout Tower
65:44 Guard Tower
67:30 Farm
67:31 Farm
67:32 Farm
67:36 Guard Tower
67:42 Farm
67:44 Farm
67:47 Farm
» items
| Staff of Teleportation | 4 | |
| Boots of Speed | 3 | |
| Healing Salve | 4 | |
| Scroll of Speed | 1 | |
| Orb of Lightning | 2 | |
| Staff of Sanctuary | 4 | |
| Periapt of Vitality | 1 | |
| Circlet of Nobility | 1 | |
| Mechanical Critter | 1 | |
21 total
team 2 (loser)
Back2basics_ (
blue | 36 APM | 4449 actions | 124:50)
6 Archmage
3 Summon Water Elemental
1 Brilliance Aura
1 Blizzard
1 Mass Teleport
3 Pandaren Brewmaster
2 Breath of Fire
1 Drunken Haze
» actions
| Assign group hotkey | 50 | |
| Basic commands | 379 | |
| Build / train | 133 | |
| Enter build submenu | 61 | |
| Enter hero's abilities submenu | 13 | |
| Give item / drop item | 3 | |
| Remove unit from queue | 25 | |
| Right click | 1681 | |
| Select / deselect | 1006 | |
| Select group hotkey | 854 | |
| Use ability | 243 | |
4449 total
» units
| Peasant | 13 | |
| Footman | 9 | |
| Rifleman | 7 | |
| Mortar Team | 6 | |
| Siege Engine | 1 | |
| Gryphon Rider | 12 | |
| Dragonhawk Rider | -4 | |
44 total
» upgrades
| Long Rifles | 1 | |
| Flare | 1 | |
| Lumber Harvesting | 1 | |
| Masonry | 1 | |
| Gunpowder | 1 | |
| Armor | 1 | |
| Barrage | 1 | |
| Fragmentation Shards | 0 | |
| Storm Hammers | 1 | |
| Swords | 3 | |
| Plating | 3 | |
| Cloud | 0 | |
14 total
» buildings
| Altar of Kings | 1 | |
| Barracks | 1 | |
| Farm | 13 | |
| Scout Tower | 36 | |
| Arcane Tower | 2 | |
| Keep | 2 | |
| Arcane Vault | 1 | |
| Blacksmith | 2 | |
| Workshop | 3 | |
| Lumber Mill | 1 | |
| Guard Tower | 21 | |
| Cannon Tower | 1 | |
| Castle | 2 | |
| Gryphon Aviary | 2 | |
88 total
» build order
00:07 Altar of Kings
00:12 Barracks
00:19 Farm
00:59 Farm
01:59 Farm
02:06 Farm
02:10 Scout Tower
02:42 Arcane Tower
02:42 Arcane Tower
04:22 Keep
04:22 Keep
04:35 Arcane Vault
04:37 Farm
05:04 Blacksmith
08:11 Workshop
08:21 Lumber Mill
09:14 Scout Tower
09:17 Scout Tower
09:22 Scout Tower
09:24 Scout Tower
10:35 Farm
10:38 Farm
11:10 Guard Tower
11:44 Cannon Tower
11:44 Guard Tower
11:44 Guard Tower
12:24 Farm
14:55 Farm
14:57 Farm
15:41 Scout Tower
15:43 Scout Tower
16:01 Farm
16:13 Castle
16:14 Castle
16:18 Workshop
16:23 Scout Tower
16:26 Scout Tower
16:27 Scout Tower
17:17 Guard Tower
18:41 Scout Tower
18:43 Scout Tower
18:43 Scout Tower
19:11 Workshop
19:13 Guard Tower
19:28 Scout Tower
19:30 Guard Tower
19:30 Guard Tower
19:38 Guard Tower
19:38 Guard Tower
31:48 Gryphon Aviary
31:51 Gryphon Aviary
38:23 Blacksmith
39:58 Farm
40:00 Farm
66:07 Scout Tower
66:10 Scout Tower
66:13 Scout Tower
66:16 Scout Tower
66:28 Scout Tower
66:56 Guard Tower
70:50 Scout Tower
70:52 Scout Tower
70:53 Scout Tower
70:55 Scout Tower
70:56 Scout Tower
71:00 Scout Tower
71:01 Scout Tower
71:45 Guard Tower
71:45 Guard Tower
72:32 Guard Tower
72:40 Guard Tower
73:29 Scout Tower
73:32 Scout Tower
73:34 Scout Tower
73:39 Scout Tower
74:21 Guard Tower
74:24 Scout Tower
74:31 Guard Tower
74:31 Guard Tower
78:12 Scout Tower
78:17 Scout Tower
78:22 Guard Tower
78:22 Guard Tower
78:25 Scout Tower
78:29 Scout Tower
» items
| Scroll of Regeneration | 2 | |
| Lesser Clarity Potion | 1 | |
| Scroll of Town Portal | 2 | |
| Orb of Fire | 1 | |
6 total
Hiroyuki.Sakai (
green | 87 APM | 6892 actions | 79:34)
5 Archmage
3 Blizzard
2 Brilliance Aura
5 Pandaren Brewmaster
3 Breath of Fire
2 Drunken Haze
» actions
| Assign group hotkey | 145 | |
| Basic commands | 387 | |
| Build / train | 138 | |
| ESC pressed | 9 | |
| Enter build submenu | 51 | |
| Enter hero's abilities submenu | 10 | |
| Give item / drop item | 23 | |
| Right click | 2487 | |
| Select / deselect | 1312 | |
| Select group hotkey | 1988 | |
| Use ability | 340 | |
6892 total
» units
| Peasant | 31 | |
| Footman | 14 | |
| Sorceress | 3 | |
| Priest | 3 | |
| Spell Breaker | 4 | |
| Rifleman | 4 | |
| Gryphon Rider | 16 | |
| Goblin Zeppelin | 1 | |
| Dragonhawk Rider | 5 | |
81 total
» upgrades
| Defend | 1 | |
| Masonry | 3 | |
| Long Rifles | 1 | |
| Plating | 1 | |
| Storm Hammers | 1 | |
| Swords | 3 | |
| Armor | 4 | |
| Animal War Training | 1 | |
| Control Magic | 1 | |
| Cloud | 1 | |
17 total
» buildings
| Altar of Kings | 1 | |
| Farm | 9 | |
| Barracks | 1 | |
| Scout Tower | 21 | |
| Arcane Vault | 2 | |
| Keep | 1 | |
| Arcane Tower | 1 | |
| Arcane Sanctum | 2 | |
| Blacksmith | 1 | |
| Lumber Mill | 1 | |
| Guard Tower | 10 | |
| Town Hall | 4 | |
| Castle | 1 | |
| Gryphon Aviary | 2 | |
57 total
» build order
00:07 Altar of Kings
00:18 Farm
00:20 Barracks
00:48 Farm
01:30 Scout Tower
02:06 Arcane Vault
02:38 Farm
03:18 Keep
03:20 Arcane Tower
04:12 Arcane Vault
06:35 Arcane Sanctum
06:38 Arcane Sanctum
07:37 Farm
08:02 Farm
08:06 Blacksmith
09:19 Lumber Mill
10:33 Scout Tower
10:33 Scout Tower
10:34 Scout Tower
10:42 Scout Tower
11:39 Farm
11:40 Guard Tower
11:49 Scout Tower
12:18 Guard Tower
13:27 Town Hall
13:28 Scout Tower
16:08 Farm
16:09 Farm
16:13 Castle
18:26 Scout Tower
19:09 Guard Tower
20:24 Town Hall
22:49 Scout Tower
22:50 Scout Tower
23:25 Guard Tower
23:26 Scout Tower
23:27 Scout Tower
24:38 Guard Tower
25:05 Scout Tower
30:32 Town Hall
32:20 Scout Tower
32:20 Scout Tower
33:30 Guard Tower
33:31 Scout Tower
33:32 Scout Tower
34:26 Guard Tower
34:28 Scout Tower
34:28 Scout Tower
34:56 Guard Tower
34:58 Guard Tower
34:59 Scout Tower
35:01 Scout Tower
35:49 Guard Tower
36:29 Gryphon Aviary
37:22 Town Hall
37:50 Gryphon Aviary
46:16 Farm
» items
| Scroll of Regeneration | 4 | |
| Lesser Clarity Potion | 1 | |
| Ivory Tower | 6 | |
| Orb of Lightning | 1 | |
12 total
Ikillmyownteam (
yellow | 65 APM | 8157 actions | 124:51)
5 Far Seer
3 Feral Spirit
2 Chain Lighting
5 Pandaren Brewmaster
3 Breath of Fire
2 Drunken Haze
» actions
| Assign group hotkey | 387 | |
| Basic commands | 134 | |
| Build / train | 171 | |
| ESC pressed | 17 | |
| Enter build submenu | 153 | |
| Enter hero's abilities submenu | 10 | |
| Give item / drop item | 8 | |
| Right click | 2735 | |
| Select / deselect | 1590 | |
| Select group hotkey | 2365 | |
| Use ability | 587 | |
8157 total
» units
| Peon | 52 | |
| Grunt | 6 | |
| Raider | 7 | |
| Troll Batrider | 17 | |
| Goblin Shredder | 3 | |
| Goblin Zeppelin | 7 | |
| Demolisher | 5 | |
| Tauren | 4 | |
| Shaman | 1 | |
| Troll Witch Doctor | 1 | |
| Wind Rider | 4 | |
107 total
» upgrades
| Berserker Strength | 1 | |
| Ensnare | 1 | |
| Pillage | 1 | |
| Troll Regeneration | 1 | |
| Reinforced Defenses | 1 | |
| Melee Weapons | 2 | |
| Armor | 2 | |
| Liquid Fire | 1 | |
| Ranged Weapons | 3 | |
| Burning Oil | 1 | |
| Pulverize | 1 | |
| Shaman Training | 2 | |
| Witch Doctor Training | 2 | |
| Envenomed Spears | 1 | |
20 total
» buildings
| Altar of Storms | 1 | |
| Orc Burrow | 8 | |
| Barracks | 3 | |
| Voodoo Lounge | 1 | |
| Stronghold | 2 | |
| Beastiary | 3 | |
| War Mill | 1 | |
| Fortress | 2 | |
| Watch Tower | 97 | |
| Great Hall | 9 | |
| Tauren Totem | 5 | |
| Spirit Lodge | 2 | |
134 total
» build order
00:05 Altar of Storms
00:17 Orc Burrow
00:35 Barracks
01:23 Orc Burrow
01:26 Orc Burrow
02:02 Voodoo Lounge
02:49 Stronghold
04:20 Orc Burrow
05:43 Beastiary
05:55 Beastiary
07:34 War Mill
08:14 Orc Burrow
08:57 Fortress
08:58 Fortress
09:12 Watch Tower
11:24 Watch Tower
11:57 Great Hall
13:10 Watch Tower
14:54 Orc Burrow
15:02 Orc Burrow
17:22 Great Hall
17:31 Beastiary
17:34 Watch Tower
17:48 Orc Burrow
19:04 Watch Tower
19:07 Watch Tower
19:09 Watch Tower
19:11 Watch Tower
19:13 Watch Tower
19:15 Watch Tower
19:18 Watch Tower
19:20 Watch Tower
21:15 Watch Tower
21:16 Watch Tower
21:17 Watch Tower
21:18 Watch Tower
21:21 Watch Tower
23:32 Watch Tower
24:51 Great Hall
24:53 Watch Tower
24:56 Great Hall
24:57 Watch Tower
24:58 Watch Tower
25:00 Great Hall
25:03 Watch Tower
25:06 Watch Tower
25:07 Watch Tower
25:29 Watch Tower
25:31 Watch Tower
29:03 Great Hall
33:04 Great Hall
33:47 Barracks
36:19 Tauren Totem
36:25 Barracks
36:27 Tauren Totem
36:30 Tauren Totem
36:30 Tauren Totem
37:58 Tauren Totem
44:15 Great Hall
48:50 Great Hall
52:54 Spirit Lodge
52:55 Spirit Lodge
62:40 Watch Tower
62:41 Watch Tower
62:42 Watch Tower
62:43 Watch Tower
62:44 Watch Tower
62:47 Watch Tower
62:47 Watch Tower
63:43 Watch Tower
63:45 Watch Tower
63:46 Watch Tower
63:47 Watch Tower
63:55 Watch Tower
63:56 Watch Tower
64:03 Watch Tower
64:03 Watch Tower
64:04 Watch Tower
64:39 Watch Tower
64:55 Watch Tower
64:56 Watch Tower
64:58 Watch Tower
65:00 Watch Tower
65:08 Watch Tower
65:10 Watch Tower
66:02 Watch Tower
66:06 Watch Tower
66:08 Watch Tower
66:09 Watch Tower
67:08 Watch Tower
67:10 Watch Tower
67:13 Watch Tower
67:18 Watch Tower
68:09 Watch Tower
68:12 Watch Tower
68:15 Watch Tower
70:41 Watch Tower
70:42 Watch Tower
70:44 Watch Tower
70:45 Watch Tower
70:46 Watch Tower
70:47 Watch Tower
70:51 Watch Tower
71:01 Watch Tower
71:02 Watch Tower
71:03 Watch Tower
71:05 Watch Tower
71:06 Watch Tower
71:06 Watch Tower
71:07 Watch Tower
71:08 Watch Tower
71:09 Watch Tower
71:11 Watch Tower
71:57 Watch Tower
71:59 Watch Tower
72:00 Watch Tower
72:48 Watch Tower
72:49 Watch Tower
72:50 Watch Tower
72:51 Watch Tower
72:53 Watch Tower
72:54 Watch Tower
72:55 Watch Tower
72:57 Watch Tower
73:00 Watch Tower
73:57 Watch Tower
74:25 Watch Tower
74:41 Watch Tower
74:43 Watch Tower
74:47 Watch Tower
77:58 Watch Tower
78:07 Watch Tower
78:28 Watch Tower
» items
| Healing Salve | 4 | |
| Lesser Clarity Potion | 10 | |
| Scroll of Speed | 1 | |
| Scroll of Town Portal | 3 | |
| Staff of Teleportation | 1 | |
| Tiny Great Hall | 1 | |
| Orb of Lightning | 1 | |
21 total
Chat log
(00:08 / All) kunt.roII: a true mirror match
(01:32 / Allies) kunt.roII: u want mk pal or bm dr
(01:37 / All) FedEx: f
(01:38 / All) FedEx: u
(01:53 / All) FedEx: go away
(07:27 / All) kunt.roII: jessj
(07:28 / All) kunt.roII: !
(07:28 / All) kunt.roII: !
(07:29 / All) kunt.roII: !
(07:29 / All) kunt.roII: !
(10:44 / Allies) kunt.roII: doesnt matter
(10:47 / Allies) kunt.roII: we already lost
(11:08 / Allies) kunt.roII: fed
(11:12 / Allies) kunt.roII: you never get enough wood guys
(11:17 / Allies) kunt.roII: ur @ 30 food
(11:22 / Allies) kunt.roII: with 4 bat
(11:28 / Allies) kunt.roII: which means
(11:31 / Allies) kunt.roII: u teched before 20 food
(23:43 / All) Ikillmyownteam: lol teal
(25:04 / Allies) kunt.roII: TT
(25:31 / All) kunt.roII: lol...gg
(25:42 / All) kunt.roII: u guys lucky u do shitty strat
(25:56 / All) Ikillmyownteam: same with urs
(26:21 / All) Back2basics_: how is it a shitty strat
(26:23 / All) Back2basics_: lol
(26:28 / All) kunt.roII: mass t1 rush a base...
(26:34 / All) Ikillmyownteam: LOl
(26:41 / All) kunt.roII: anyone with army would beat u bc we have adv of unit popping out where u attack
(26:49 / All) Back2basics_: lol okay
(26:50 / All) kunt.roII: and adv of base defense
(26:51 / All) Ikillmyownteam: stfu noob
(26:58 / All) Ikillmyownteam: go mass defense
(27:00 / All) Ikillmyownteam: some more
(27:09 / All) kunt.roII: ?"??
(27:32 / All) Back2basics_: why dont you jus tleave lol
(27:39 / All) kunt.roII: King of the Hill
(29:45 / Allies) kunt.roII: as;df;as;f
(31:47 / All) kunt.roII: ^^
(32:30 / All) kunt.roII: D
(32:30 / All) kunt.roII: D
(34:00 / All) kunt.roII: D
(35:45 / All) kunt.roII: HEH
(36:53 / All) kunt.roII: gg
(37:00 / All) Ikillmyownteam: its been game
(37:04 / All) Ikillmyownteam: in the first 10 mminutes
(37:08 / All) kunt.roII: nice hacks
(39:23 / Allies) kunt.roII: lagging
(39:25 / Allies) kunt.roII: gonna die to creep
(39:48 / Allies) kunt.roII: thx
(39:49 / Allies) kunt.roII: 4
(39:50 / Allies) kunt.roII: dis
(40:55 / Allies) kunt.roII: weak item
(41:04 / Allies) kunt.roII: scanned.
(41:15 / Allies) kunt.roII: and lagging like shit
(42:34 / Allies) kunt.roII: wow
(42:37 / Allies) kunt.roII: lagging so much
(42:39 / Allies) kunt.roII: shift key doesnt work
(52:00 / All) kunt.roII: brb when its daytime
(53:27 / All) FedEx: gg
(61:00 / All) kunt.roII: are you guys having as much fun as we are
(61:06 / All) kunt.roII: cause this is ;-)
(61:12 / All) FedEx: ;-)
(64:22 / All) kunt.roII: c u
(64:31 / All) FedEx: she said c u l8r boi
(64:41 / All) kunt.roII: hey hey you you
(64:47 / All) kunt.roII: i dun like ur gf
(64:53 / All) FedEx: hey hey you you
(64:59 / All) FedEx: i think you need a new one
(65:09 / All) kunt.roII: thx 4 da exp\
(68:42 / All) kunt.roII: hey
(68:43 / All) kunt.roII: guys
(68:45 / All) kunt.roII: u got more scans?
(68:48 / All) kunt.roII: i wanna show u something
(68:54 / All) kunt.roII: ? ?
(69:00 / All) kunt.roII: ok watch my AM
(69:01 / All) kunt.roII: real qwuick
(69:11 / All) kunt.roII: ^^
(73:54 / All) kunt.roII: brb pizza
(73:58 / All) kunt.roII: plz
(74:01 / All) MrFrosty: ive got to take a delivery
(74:02 / All) MrFrosty: plz
(74:10 / All) kunt.roII: its not delivery
(74:11 / All) MrFrosty: im a pizzaman who works from home
(74:17 / All) MrFrosty: and ive just had a delivery called in
(74:19 / All) MrFrosty: ive got to take it
(75:32 / All) kunt.roII: brb pizza
(75:50 / All) MrFrosty: brb
(75:51 / All) MrFrosty: pizza
(78:31 / All) FedEx: D
(78:39 / All) MrFrosty: you should have
(78:40 / All) Back2basics_: go get yoru fuckin pizzas
(78:47 / All) MrFrosty: we already have thanks though
(78:50 / All) Ikillmyownteam: can i puase for a second
(78:58 / All) MrFrosty: sure since you have shown us good manner
(79:00 / All) kunt.roII: mine has onion peppers and pepperoni
(79:18 / All) MrFrosty: im eating a big dick pizza
(79:27 / All) MrFrosty: the pizza man opened the box and there was his big dick
(79:36 / All) MrFrosty: 2 e z
(79:42 / All) MrFrosty: he went to get some big dick pizza
(79:44 / All) FedEx: 2 ez noobs
(79:46 / All) MrFrosty: he couldnt resist
(80:01 / All) kunt.roII: tabbin out for half hour again maybe another one of u scrubs left by then!
(89:25 / All) MrFrosty: yo you're bacl
(92:22 / All) MrFrosty: we loose
(92:32 / All) kunt.roII: its really funny that you guys lost this fyi
(94:36 / All) kunt.roII: wait
(94:39 / All) kunt.roII: so you're actually trying now
(94:43 / All) kunt.roII: after u let us get charm xD
(94:55 / All) kunt.roII: oh btw thanks for throwing the game for your team yellow
(101:21 / All) Ikillmyownteam: AHAH
(101:50 / All) kunt.roII: LOL
(102:12 / All) Back2basics_: LOL
(102:13 / All) Back2basics_: GG
(102:17 / All) kunt.roII: ?
(102:28 / All) kunt.roII: zep was emply lmao
(103:20 / All) kunt.roII: LOL
(104:33 / All) kunt.roII: U guys normally lose this terribly?
(108:12 / All) kunt.roII: Dnt worry
(108:20 / All) kunt.roII: im sure panda will still get u lots of free wins
(110:07 / All) kunt.roII: tauren totems
(110:11 / All) kunt.roII: i didnt even see a tauren this game
(110:15 / All) kunt.roII: wtf
(114:09 / All) kunt.roII: can you guys explain to me
(114:11 / All) kunt.roII: how you can lose
(114:25 / All) kunt.roII: 12 mines to 3
(117:41 / All) kunt.roII: LOL
(123:02 / Allies) kunt.roII: pwnage
(124:25 / All) kunt.roII: 2 e
(124:26 / All) kunt.roII: Z